Map: Frozen Temple

Players

Nedi

  • Race: Zerg Zerg
  • League: Grandmaster

Miszu - Winner!

  • Race: Terran Terran
  • League: Grandmaster

VOD

Have the link to the VOD?

Description

Time

  • Played on: June 3, 2016, 11:56 a.m.
  • Length: 16:27
Show
View Real Time Build Order
Export as new Build Order

Nedi Zerg 

Build Orders: Pool First 

Get SALT Encoding   

  12  0:01  Drone  
  13  0:13  Overlord  
  13  0:18  Drone  
  14  0:31  Drone  
  14  0:32  Drone  
  14  0:35  Drone  
  17  0:45  Spawning Pool  
  17  0:49  Drone  
  17  0:57  Drone  
  18  1:12  Hatchery  
  18  1:14  Extractor  
  18  1:16  Drone  
  17  1:32  Queen  
  19  1:33  Zergling x4  
  21  1:40  Overlord  
  21  1:51  Drone  
  22  2:01  Drone  
  23  2:09  Queen  
  23  2:14  Drone  
  26  2:18  Metabolic Boost  
  26  2:24  Drone x2  
  28  2:35  Drone  
  28  2:37  Drone  
  30  2:44  Drone x2  
  30  2:48  Hatchery  
  30  2:50  Drone  
  31  2:52  Drone  
  31  2:53  Drone  
  33  2:59  Overlord  
  33  3:02  Drone  
  33  3:10  Drone  
  33  3:12  Drone  
  35  3:19  Drone  
  36  3:20  Queen  
  36  3:21  Drone  
  39  3:28  Drone  
  39  3:29  Drone x4  
  39  3:32  Overlord, Extractor  
  43  3:36  Drone  
  44  3:41  Roach Warren  
  44  3:42  Drone  
  44  3:45  Extractor, Drone  
  44  3:51  Drone  
  45  3:58  Drone  
  45  3:59  Drone x2  
  45  4:02  Drone x2  
  49  4:03  Drone  
  49  4:05  Drone  
  49  4:07  Queen  
  49  4:09  Queen  
  55  4:12  Overlord  
  55  4:16  Overlord  
  55  4:19  Overlord  
  55  4:27  Roach x2  
  56  4:37  Roach  
  55  4:40  Roach x3  
  55  4:42  Roach  
  61  4:47  Drone  
  61  4:50  Drone x2  
  61  4:52  Drone  
  65  4:53  Drone  
  65  4:56  Drone  
  67  5:03  Drone, Evolution Chamber  
  67  5:04  Evolution Chamber  
  66  5:08  Drone x2  
  66  5:11  Drone  
  69  5:15  Drone, Lair  
  69  5:18  Drone  
  69  5:19  Drone  
  72  5:21  Drone  
  72  5:22  Drone  
  72  5:26  Overlord  
  74  5:28  Overlord  
  74  5:34  Overlord  
  70  5:46  Roach  
  70  5:47  Roach x6  
  70  5:48  Drone  
  70  5:49  Drone  
  78  5:52  Zerg Melee Weapons Level 1  
  76  6:00  Drone x3, Zerg Ground Armor Level 1  
  76  6:01  Drone  
  76  6:02  Extractor  
  76  6:03  Drone  
  80  6:04  Extractor  
  80  6:06  Extractor, Drone  
  80  6:08  Drone  
  80  6:12  Drone x2  
  80  6:14  Drone x2  
  80  6:15  Ravager  
  80  6:16  Ravager x2  
  80  6:17  Drone  
  88  6:20  Drone  
  88  6:22  Infestation Pit  
  88  6:23  Drone  
  89  6:28  Drone x3  
  89  6:29  Drone x3  
  89  6:30  Drone  
  89  6:31  Drone  
  97  6:37  Glial Reconstitution  
  97  6:45  Roach  
  97  6:50  Roach  
  97  6:53  Roach  
  97  7:03  Spore Crawler  
  97  7:06  Roach  
  98  7:14  Spore Crawler  
  93  7:19  Roach  
  91  7:28  Queen  
  89  7:31  Roach x4  
  97  7:38  Overlord, Hive  
  97  7:39  Overlord x7  
  97  7:44  Drone  
  97  7:47  Overlord x3  
  97  7:48  Spore Crawler  
  97  7:54  Zerg Melee Weapons Level 2  
  97  7:58  Zerg Ground Armor Level 2  
  97  8:01  Drone  
  97  8:02  Drone  
  99  8:07  Infestor x2  
  99  8:08  Infestor  
  105  8:13  Hatchery  
  105  8:21  Drone  
  105  8:26  Hatchery  
  105  8:27  Overlord  
  105  8:28  Overlord  
  105  8:29  Roach x6  
  105  8:31  Roach  
  121  8:43  Queen  
  121  8:47  Roach x5  
  131  8:50  Roach  
  131  8:51  Roach  
  131  8:54  Ultralisk Cavern  
  134  8:58  Roach x3  
  134  8:59  Ravager x3  
  143  9:05  Zergling x2  
  143  9:06  Zergling x4  
  146  9:13  Zergling x2  
  146  9:14  Zergling x4  
  129  9:35  Roach x3  
  129  9:36  Roach x3  
  141  9:40  Chitinous Plating  
  141  9:41  Ultralisk  
  141  9:44  Drone  
  154  9:46  Zergling x2  
  154  9:50  Zergling x14  
  161  9:54  Roach  
  161  9:55  Roach x2  
  161  9:57  Roach  
  168  10:04  Ultralisk  
  174  10:11  Zergling x2  
  174  10:12  Zergling x10  
  169  10:22  Ultralisk  
  169  10:26  Ultralisk  
  178  10:30  Ultralisk  
  171  10:41  Ultralisk  
  114  11:02  Hatchery  
  113  11:06  Drone  
  113  11:09  Ultralisk, Hatchery  
  119  11:17  Infestor  
  121  11:18  Zergling x2  
  121  11:19  Zergling x6  
  121  11:25  Extractor x2  
  124  11:32  Ravager  
  124  11:34  Zergling x12  
  125  11:50  Ultralisk  
  115  12:23  Hatchery  
  115  12:28  Ultralisk x2  
  113  12:32  Zergling x16  
  103  12:45  Drone x4  
  103  12:50  Infestor  
  109  13:09  Ultralisk  
  111  13:38  Ultralisk  
  117  13:41  Ultralisk  
  120  13:53  Roach  
  120  13:54  Roach x3  
  115  14:09  Roach  
  110  14:20  Ravager x4  
  110  14:22  Roach  
  116  14:31  Roach  
  118  14:39  Roach  
  118  14:45  Ravager  
  121  14:46  Ravager  
  44  15:38  Zergling x2  
  44  15:39  Zergling x16  
  54  16:06  Zergling x4  
Show
View Real Time Build Order
Export as new Build Order

Miszu Terran - Winner!

Build Orders: Reaper Expand, MMM Bio 

Get SALT Encoding   

  12  0:00  SCV  
  13  0:13  SCV  
  14  0:17  Supply Depot  
  14  0:25  SCV  
  15  0:38  SCV  
  15  0:41  Barracks  
  16  0:44  Refinery  
  16  0:50  SCV  
  17  1:02  SCV  
  18  1:15  SCV  
  19  1:28  Orbital Command  
  19  1:29  Reaper  
  20  1:44  Command Center  
  20  1:54  SCV  
  21  1:58  Supply Depot  
  21  2:01  Marine  
  22  2:10  Factory, SCV  
  23  2:22  SCV  
  24  2:27  Barracks Reactor  
  23  2:38  SCV  
  24  2:46  Command Center  
  24  2:55  SCV  
  25  3:08  Hellion  
  25  3:09  Hellion, Barracks Tech Lab  
  25  3:12  Barracks, SCV  
  30  3:24  Orbital Command  
  30  3:26  SCV  
  31  3:31  Marine, Stimpack  
  32  3:41  Factory Reactor  
  32  3:43  SCV  
  33  3:51  SCV  
  33  3:53  Barracks  
  33  3:55  SCV  
  35  4:03  SCV  
  35  4:07  SCV  
  35  4:08  Orbital Command  
  36  4:12  Refinery  
  36  4:13  Refinery x2  
  36  4:14  Marine  
  36  4:15  Marine x2, SCV  
  40  4:19  SCV  
  41  4:26  Engineering Bay  
  41  4:43  Marine x2  
  40  4:47  Starport, Factory Reactor  
  40  4:48  SCV x3  
  40  4:50  Engineering Bay  
  42  4:54  Supply Depot  
  42  4:59  Orbital Command  
  42  5:00  SCV x2  
  42  5:03  Marine x3  
  42  5:04  Marine  
  48  5:12  SCV x2  
  48  5:13  Marine  
  51  5:16  Terran Infantry Weapons Level 1, Terran Infantry Armor Level 1  
  51  5:21  Marine x2  
  51  5:24  SCV x2  
  51  5:25  SCV  
  51  5:26  Supply Depot  
  51  5:27  Marine  
  57  5:34  Medivac x2, Combat Shields  
  61  5:35  Factory Tech Lab  
  61  5:36  SCV  
  61  5:45  Marine x5  
  61  5:49  SCV x2  
  64  5:50  SCV  
  64  5:52  Supply Depot  
  64  5:56  Siege Tank  
  66  6:01  SCV  
  66  6:02  SCV x2  
  66  6:03  Marine x2  
  71  6:05  Armory  
  71  6:19  Marine x3  
  71  6:20  Marine, SCV x2  
  71  6:21  SCV  
  71  6:25  Barracks  
  78  6:26  Barracks  
  78  6:29  Bunker, Supply Depot  
  78  6:31  Supply Depot  
  78  6:34  Medivac  
  78  6:35  Marine  
  78  6:37  SCV  
  78  6:38  SCV  
  83  6:41  Marine x2  
  85  6:50  Marine  
  85  6:53  Marine  
  87  6:54  Marine, Siege Tank  
  87  6:59  Marine x2  
  87  7:00  SCV x2  
  95  7:03  SCV  
  95  7:07  Supply Depot  
  96  7:08  Marine  
  96  7:11  Marine  
  96  7:12  Marine, SCV  
  99  7:16  Terran Infantry Armor Level 2  
  99  7:17  Marine x2, Terran Infantry Weapons Level 2  
  101  7:26  SCV  
  98  7:30  Marine  
  98  7:33  Marine x2  
  98  7:34  Medivac x2, Siege Tank  
  98  7:35  Marine  
  109  7:42  SCV x3  
  109  7:43  Barracks Reactor x2  
  112  7:49  Marine x2  
  112  7:50  Marine  
  115  7:51  Supply Depot  
  115  7:56  Marine, Concussive Shells  
  115  7:57  Barracks  
  116  7:58  Barracks  
  116  8:00  Barracks, Terran Vehicle Weapons Level 1  
  116  8:07  Marine  
  117  8:13  Marauder  
  117  8:15  Marine  
  120  8:23  Marine  
  120  8:24  Marine x5  
  125  8:27  Supply Depot  
  125  8:31  Supply Depot, Marine, Medivac x2, Siege Tank  
  125  8:33  Supply Depot  
  133  8:35  Supply Depot  
  133  8:37  Supply Depot  
  133  8:39  Supply Depot  
  133  8:48  Barracks Tech Lab x3  
  133  8:49  Marine x3, Marauder  
  133  8:50  Marine x2  
  133  8:53  Supply Depot  
  140  8:57  Marine x3  
  140  9:00  Supply Depot  
  140  9:02  Supply Depot  
  143  9:07  Marine, Marauder x2  
  143  9:09  Marauder  
  150  9:11  Marauder  
  158  9:17  Marine x2, Ghost Academy  
  138  9:27  Marine  
  138  9:28  Marine x3, Marauder  
  138  9:29  Marauder  
  138  9:30  Marauder  
  146  9:32  Marauder  
  146  9:33  Marine x2  
  144  9:45  Command Center  
  144  9:50  Marauder x2  
  144  9:51  Marauder  
  150  9:53  Marauder  
  150  9:59  Marine  
  153  10:00  Marine  
  153  10:01  Marine x3, Siege Tank  
  160  10:11  Marauder x2  
  160  10:13  Marauder  
  166  10:15  Marauder  
  166  10:20  Marine x4  
  172  10:33  Marauder x2  
  172  10:34  Hellion, Marauder  
  175  10:36  Marauder  
  114  10:52  Marine  
  114  10:53  Marine x7, Ghost  
  114  10:54  Marauder  
  114  10:56  Marauder  
  122  10:58  Marauder  
  120  11:14  Marine  
  120  11:15  Marine x5, Marauder  
  120  11:17  Thor  
  138  11:19  Marauder  
  138  11:23  Marauder  
  142  11:26  Terran Infantry Armor Level 3  
  142  11:30  Terran Infantry Weapons Level 3  
  142  11:31  Medivac x2  
  140  11:36  Planetary Fortress  
  140  11:44  Liberator x2  
  135  11:55  Marauder x2  
  121  12:14  Orbital Command  
  121  12:19  Marine, Marauder  
  121  12:20  Marine x5, Marauder x2  
  118  12:36  SCV  
  108  12:37  SCV x2  
  108  12:40  SCV  
  108  12:42  Ghost  
  108  12:43  Ghost x3  
  116  12:48  SCV  
  116  12:49  SCV x2  
  119  12:52  SCV  
  120  13:01  SCV x3  
  120  13:04  SCV  
  124  13:09  Marine  
  124  13:11  Ghost  
  127  13:13  SCV x3  
  127  13:16  Marauder, SCV  
  127  13:17  Marauder  
  135  13:25  SCV  
  130  13:29  Marine, Marauder  
  133  13:36  Liberator x2  
  133  13:37  Marauder  
  133  13:41  Marauder  
  137  13:42  Marauder  
  135  13:50  Marauder  
  136  14:07  Ghost x2  
  140  14:21  Hellbat, Ghost  
  144  14:31  Ghost  
  144  14:36  Orbital Command  
  146  14:45  Ghost  
  148  14:59  Marine x10  
  154  15:00  Marine, Refinery x2  
  156  15:13  Marine  
  140  15:17  Marine x2  
  91  15:37  Marine  
  91  15:38  Marine x7, Marauder  
  91  15:39  Ghost x3  
  107  15:55  Marine  
  107  15:56  Marine x4  
  112  15:59  Marauder  
Tags
 
Add a new tag
Caveats
  • Supply blocks, unpowered buildings, or Contaminate may cause inaccurate times.
  • Supply counts are checked every 10 seconds.